 Dungeon Crawl Stone Soup version 0.29-a0-321-gf1c400731a (webtiles) character file.

Game seed: 7658407626584065493

20297 Murumi the Nimble (level 13, 0/94 HPs)
             Began as a Djinni Monk on Apr 4, 2022.
             Was an Elder of Okawaru.
             Killed from afar by an oklob plant (18 damage)
             ... with a splash of acid
             ... on level 3 of the Lair of Beasts.
             The game lasted 00:51:04 (18837 turns).

Murumi the Nimble (Djinni Monk)                    Turns: 18837, Time: 00:51:05

Health: 0/94       AC:  7    Str: 17    XL:     13   Next: 11%
Gold:   962        EV: 20    Int: 14    God:    Okawaru [****..] SH:  0 Dex: 29

rFire   + + .      SeeInvis .   f - +1 hand crossbow (flame)
rCold   + . .      Faith    .   (no shield)
rNeg    . . .      Spirit   .   t - +6 ring mail of Perfidy {rC+ MP-9 Dex+6}
rPois   ∞          Reflect  .   (no helmet)
rElec   .          Harm     .   (no cloak)
rCorr   .          Rampage  .   g - +1 pair of gloves
Will    ++...                   (boots unavailable)
Stlth   ++++......              (no amulet)
HPRegen 0.25/turn               j - ring of willpower
MPRegen 0.00/turn               n - ring of Enetrab {rC+ Str+7 Dex+4}

@: corroded, flying
A: sickness immunity, fire resistance 2, cold vulnerability 1, float, innate
caster, HP casting, extra vitality 1
a: Renounce Religion, Heroism, Finesse


You were on level 3 of the Lair of Beasts.
You worshipped Okawaru.
Okawaru was greatly pleased with you.
You visited 3 branches of the dungeon, and saw 12 of its levels.

You collected 962 gold pieces.

Inventory:

Hand Weapons
 a - a +0 great sword
 f - a +1 hand crossbow of flaming (weapon)
Missiles
 w - 2 throwing nets
Armour
 g - a +1 pair of gloves (worn)
 i - a +0 leather armour
 t - the +6 ring mail of Perfidy (worn) {rC+ MP-9 Dex+6}
   (You found it on level 7 of the Dungeon)

   Dex:       It affects your dexterity (+6).
   rC:        It protects you from cold.
   MP:        It affects your magic capacity (-9).
Jewellery
 j - a ring of willpower (left hand)
 l - a ring of protection from cold
 n - the ring of Enetrab (right hand) {rC+ Str+7 Dex+4}
   (You took it off an orc priest on level 8 of the Dungeon)

   [ring of protection from cold]

   Str:       It affects your strength (+7).
   Dex:       It affects your dexterity (+4).
   rC:        It protects you from cold.
 u - a +4 ring of protection
 y - a ring of protection from cold
Wands
 h - a wand of acid (4)
 k - a wand of polymorph (9)
 q - a wand of flame (21)
 B - a wand of iceblast (8)
Scrolls
 d - 2 scrolls of enchant armour
 e - 4 scrolls of immolation
 r - a scroll of fear
 v - 3 scrolls of teleportation
 A - 2 scrolls of magic mapping
Potions
 b - 4 potions of berserk rage
 c - 8 potions of curing
 m - a potion of mutation
 o - a potion of brilliance
 p - a potion of might {unknown}
 s - a potion of invisibility {unknown}
 x - 2 potions of lignification
 z - a potion of haste


   Skills:
 - Level 9.0 Fighting
 - Level 7.0 Long Blades
 - Level 6.0 Crossbows
 + Level 8.9 Armour
 - Level 10.0 Dodging
 - Level 7.0 Stealth
 - Level 8.0 Invocations


You couldn't memorise any spells.
You knew the following spells:

 Your Spells              Type           Power      Damage    Failure   Level
a - Shock                 Conj/Air       0%         1d3       43%         1
b - Scorch                Fire           0%         2d5       56%         2
c - Portal Projectile     Hex/Tloc       0%         N/A       80%         3
d - Olgreb's Toxic Radia  Pois           0%         N/A       99%         4
e - Animate Dead          Necr           0%         N/A       99%         4
f - Borgnjor's Vile Clut  Necr/Erth      0%         N/A       100%        5
Your spell library was empty.


Dungeon Overview and Level Annotations

Branches:
Dungeon (8/15)             Temple (1/1) D:4            Lair (3/6) D:8
 Shoals (0/4) Lair:3       Spider (0/4) Lair:3

Altars:
Ashenzari
Cheibriados
Dithmenos
Elyvilon
Fedhas
Hepliaklqana
Makhleb
Nemelex Xobeh
Okawaru
Qazlal
Ru
Sif Muna
Trog
Vehumet
Xom
Yredelemnul
Zin
The Shining One

Portals:
Abyss: D:6

Annotations:
D:5 3 runed translucent doors, ouz's ghost, novice MiFi
D:6 2 transporters, Inglan's ghost, amateur GrEE
Lair:3 exclusion: 2 oklob plants


Innate Abilities, Weirdness & Mutations

You are immune to sickness and miasma.
You are immune to poison.
Your flesh is very heat resistant. (rF++)
You are vulnerable to cold. (rC-)
You float through the air rather than walking.
You learn spells naturally, not from books.
Your magical power is your life essence.
You have superior vitality. (+4 MHP)


Message History

You shoot a bolt. The bolt hits the oklob plant.
The bolt burns the oklob plant.
The oklob plant is lightly damaged.
The oklob plant spits acid at you. The splash of acid hits you!
The acid corrodes you!
You shoot a bolt. The bolt hits the oklob plant.
The bolt burns the oklob plant.
The oklob plant is lightly damaged.
The oklob plant spits acid at you. The splash of acid hits you.
You shoot a bolt.
The bolt hits the oklob plant but does no damage.
The oklob plant is lightly damaged.
The oklob plant spits acid at you. The splash of acid hits you.
You shoot a bolt.
The bolt hits the oklob plant but does no damage.
The oklob plant is lightly damaged.
The oklob plant spits acid at you. The splash of acid hits you!
The acid corrodes you!
You shoot a bolt. The bolt hits the oklob plant.
The bolt burns the oklob plant.
The oklob plant is moderately damaged.
The oklob plant spits acid at you. The splash of acid hits you!
The acid corrodes you!
You shoot a bolt.
The bolt hits the oklob plant but does no damage.
The oklob plant is moderately damaged.
The oklob plant spits acid at you. The splash of acid misses you.
You shoot a bolt.
The bolt hits the oklob plant but does no damage.
The oklob plant is moderately damaged.
The oklob plant spits acid at you. The splash of acid hits you!!
* * * LOW HITPOINT WARNING * * *
The acid corrodes you! The oklob plant spits acid at you.
The splash of acid hits you!!
You die...

###### ##.##.# ########## ######
#.#...#########P#.##...####.##.#
...............................##
P#.P####......................#.#
##### ##.......................##
P.# #............(..........##
..# #...######@######.#####.#
..######..#P≈≈.....≈≈P#..##.#.#
..........#P≈.......≈P#.####..#
..........#P≈.......≈.#..####.#
..........#P≈.......≈P#.#.###.#
.###......#.≈.......≈P#.P.##..#
..#.......#P≈≈.....≈≈P#.......#
.P##......#####...#####.......##
####......# #.##+....##


You could see 2 oklob plants.

Vanquished Creatures
  Pikel (D:5)
  2 oklob plants (Lair:3)
  3 black mambas
  7 cane toads
  9 komodo dragons
  A rime drake (Lair:1)
  A hornet (D:8)
  12 blink frogs
  5 wyverns
  A vampire (D:8)
  29 yaks
  2 steam dragons
  5 basilisks
  Menkaure (D:5)
  Edmund (D:5)
  9 water moccasins
  An orc warrior (D:8)
  A sky beast (D:8)
  5 black bears
  2 ice beasts (D:5)
  3 wolves
  An ogre (D:5)
  5 centaurs
  4 lemures (D:5)
  2 phantoms
  A kobold brigand (D:8)
  15 bullfrogs
  3 scorpions
  A howler monkey (D:6)
  3 hounds
  A jelly (D:7)
  3 gnoll shamans
  2 orc priests (D:8)
  4 iguanas
  8 orc wizards
  7 hell rats (Lair:2)
  13 gnolls
  6 adders
  2 white imps
  3 ufetubi
  A worm (D:5)
  3 dart slugs
  30 orcs
  9 ball pythons
  7 bats
  8 endoplasms
  3 giant cockroaches
  8 goblins
  8 hobgoblins
  9 kobolds
  A quokka (D:1)
  A frilled lizard (D:3)
  A goblin zombie (D:8)
  A quokka zombie (D:8)
  7 rats
282 creatures vanquished.

Vanquished Creatures (others)
  11 fungi
  30 plants
41 creatures vanquished.

Grand Total: 323 creatures vanquished

Notes
Turn   | Place    | Note
-------+----------+-------------------------------------------
     0 | D:1      | Murumi the Djinni Monk began the quest for the Orb.
     0 | D:1      | Reached XP level 1. HP: 20/20 MP: 0/0
   123 | D:1      | Found a faded altar of an unknown god.
   133 | D:1      | Reached XP level 2. HP: 25/25 MP: 0/0
   583 | D:1      | Reached skill level 4 in Dodging
   583 | D:1      | Reached XP level 3. HP: 30/30 MP: 0/0
   583 | D:1      | Learned a level 1 spell: Shock
   699 | D:1      | Reached skill level 1 in Armour
  1212 | D:2      | Reached XP level 4. HP: 35/35 MP: 0/0
  2546 | D:3      | Reached XP level 5. HP: 40/40 MP: 0/0
  2546 | D:3      | Learned a level 2 spell: Scorch
  2779 | D:3      | Found a shadowy altar of Dithmenos.
  3312 | D:4      | Reached XP level 6. HP: 44/46 MP: 0/0
  3328 | D:4      | Found a staircase to the Ecumenical Temple.
  3337 | Temple   | Entered the Ecumenical Temple
  3685 | D:4      | Found a stormy altar of Qazlal.
  4294 | D:5      | Entered Level 5 of the Dungeon
  4294 | D:5      | Noticed Pikel
  4331 | D:5      | Found a runed translucent gate.
  4331 | D:5      | Found a runed translucent gate.
  4331 | D:5      | Found a runed translucent gate.
  4351 | D:5      | Noticed ouz's ghost (novice MiFi)
  4401 | D:5      | Noticed Menkaure
  4411 | D:5      | Killed Menkaure
  4441 | D:5      | Reached XP level 7. HP: 42/52 MP: 0/0
  4441 | D:5      | Learned a level 3 spell: Portal Projectile
  4574 | D:5      | Reached skill level 5 in Dodging
  4753 | D:5      | Noticed Edmund
  4794 | D:5      | Killed Edmund
  5100 | D:5      | Reached XP level 8. HP: 17/58 MP: 0/0
  5513 | D:5      | Reached skill level 5 in Fighting
  5536 | D:5      | Noticed a yak
  5948 | D:5      | Found a hazy altar of Hepliaklqana.
  5950 | D:5      | Found a burning altar of Makhleb.
  6183 | D:5      | Noticed a yak
  6184 | D:5      | Noticed a yak
  6186 | D:5      | Noticed a yak
  6241 | D:5      | Killed a yak
  6242 | D:5      | Reached skill level 5 in Armour
  6271 | D:5      | Killed a yak
  6272 | D:5      | Reached skill level 6 in Dodging
  6421 | D:5      | Killed Pikel
  6422 | D:5      | Reached skill level 5 in Long Blades
  6422 | D:5      | Reached skill level 7 in Dodging
  6422 | D:5      | Reached XP level 9. HP: 65/65 MP: 0/0
  6422 | D:5      | Learned a level 4 spell: Olgreb's Toxic Radiance
  6443 | D:5      | Reached skill level 5 in Stealth
  7140 | D:6      | Found a transporter.
  7148 | D:6      | Found a one-way gate to the infinite horrors of the Abyss.
  7148 | D:6      | Noticed Inglan's ghost (amateur GrEE)
  7152 | D:6      | Found a transporter.
  7737 | D:6      | Noticed a soul eater
  7992 | D:6      | Reached skill level 8 in Dodging
  8602 | D:6      | Found a shimmering altar of Xom.
  8728 | D:6      | Found a glowing golden altar of the Shining One.
  9110 | D:7      | Reached XP level 10. HP: 69/75 MP: 0/0
  9186 | D:7      | Found an iron altar of Okawaru.
  9192 | D:7      | Became a worshipper of Warmaster Okawaru
  9192 | D:7      | Reached * piety under Okawaru
  9192 | D:7      | Reached ** piety under Okawaru
  9198 | D:7      | Noticed a komodo dragon
  9778 | D:7      | Identified the +11 trident of Fedeur {vorpal, rElec rPois
                  | rCorr Stlth-}
  9914 | D:7      | Identified the +6 ring mail of Perfidy {rC+ MP-9 Dex+6}
  9966 | D:7      | Killed a komodo dragon
  9967 | D:7      | Reached skill level 1 in Invocations
 10794 | D:7      | Reached skill level 5 in Invocations
 11240 | D:8      | Identified the ring of Enetrab {rC+ Str+7 Dex+4}
 11265 | D:8      | Reached *** piety under Okawaru
 11271 | D:8      | Found a basalt altar of Yredelemnul.
 11807 | D:8      | Reached XP level 11. HP: 44/79 MP: 0/0
 11807 | D:8      | Learned a level 4 spell: Animate Dead
 12123 | D:8      | Found a staircase to the Lair.
 12231 | D:8      | Reached skill level 1 in Crossbows
 12587 | Lair:1   | Entered Level 1 of the Lair of Beasts
 12632 | Lair:1   | Reached **** piety under Okawaru
 12944 | Lair:1   | Received a gift from Okawaru
 12945 | Lair:1   | Reached skill level 5 in Crossbows
 13846 | Lair:1   | Reached skill level 9 in Dodging
 14593 | Lair:1   | Reached ***** piety under Okawaru
 14921 | Lair:2   | Reached XP level 12. HP: 58/86 MP: 0/0
 14922 | Lair:2   | Received a gift from Okawaru
 15723 | Lair:2   | Received a gift from Okawaru
 16556 | Lair:3   | Found a staircase to the Shoals.
 16717 | Lair:3   | Identified the +1 animal skin of the Toothy God {rElec
                  | rPois rC+} (Okawaru gifted it to you on level 3 of the Lair
                  | of Beasts)
 16717 | Lair:3   | Received a gift from Okawaru
 16807 | Lair:3   | Reached skill level 10 in Dodging
 17575 | Lair:3   | Found a hole to the Spider Nest.
 17604 | Lair:3   | Reached XP level 13. HP: 93/94 MP: 0/0
 17604 | Lair:3   | Learned a level 5 spell: Borgnjor's Vile Clutch
 18837 | Lair:3   | Killed from afar by an oklob plant

Illustrated notes

Levels and vault maps discovered:
D:1:      shiori_arrival_oz, layout_basic, hellmonk_ecumenical_altar_blasted,
          hex_tiny, ebering_dispersal_statue_hall
D:2:      layout_basic, minmay_tiny_reverse_x
D:3:      layout_loops_ring, grunt_dithmenos_smoke, minivault_25
D:4:      layout_cave_pods, grunt_qazlal_clouds, minmay_temple_entry_ruins,
          amethyst_killhole
D:5:      kennysheep_six_static_rooms, layout_rooms,
          mainiacjoe_overflow_catwalk_spiral, gammafunk_ghost_necromancy,
          minmay_fractal_squares_gapless_5, uniq_menkaure, uniq_edmund,
          uniq_pikel
D:6:      layout_loops_corners, marbit_many_paths, tso_oasis_becter,
          gammafunk_ghost_abyssal_escape, minmay_liquid_box,
          kennysheep_generic_room_3
D:7:      layout_basic, okawaru_trees_2
D:8:      minmay_goldmine, layout_rooms, lemuel_coloured_pillars_altar,
          old_standard_altar, minmay_lair_entry_grove, enter_ossuary_4,
          hangedman_abyss_or_decor_stabs, supply_closet_lemuel,
          hangedman_decor_diamond_cutter, nzn_life_drinkers
Temple:   compressed_dpeg_triangle_lava_temple
Lair:1:   layout_cellular_growth
Lair:2:   layout_roguey, beast_lair_carwin_6
Lair:3:   dpeg_oklob_gauntlet, layout_chaotic_city,
          minmay_shoals_entry_centaurs, spider_nest_entry_web_field,
          chequers_serial_rivers_micro_d

Skill      XL: |  1  2  3  4  5  6  7  8  9 10 11 12 |
---------------+-------------------------------------+-----
Long Blades    | 3 4 5 6 7 |  7.0
Stealth        | 2 3 4 5 6 7 |  7.0
Dodging        | 4 5 7 8 9 10 | 10.0
Armour         | 2 3 4 5 6 7 8 |  8.9
Fighting       | 4 5 7 8 9 |  9.0
Invocations    | 7 8 |  8.0
Crossbows      | 5 6 |  6.0

Action                   |  1- 3 |  4- 6 |  7- 9 | 10-12 | 13-15 || total
-------------------------+-------+-------+-------+-------+-------++-------
Melee: Falchion          |    45 |   140 |   296 |   480 |       ||   961
       Punch             |       |     2 |     5 |    14 |       ||    21
       Long sword        |       |       |       |    36 |       ||    36
       Great sword       |       |       |       |   215 |    21 ||   236
 Fire: Hunting sling     |    22 |    88 |   340 |       |       ||   450
       Shortbow          |       |       |    37 |    25 |       ||    62
       Hand crossbow     |       |       |       |   209 |    48 ||   257
Invok: Heroism           |       |       |       |    17 |     2 ||    19
       Finesse           |       |       |       |     2 |     2 ||     4
  Use: Scroll            |     3 |     7 |     4 |     5 |     2 ||    21
       Potion            |       |     3 |     4 |     4 |       ||    11
 Stab: Sleeping          |     4 |       |     2 |     1 |       ||     7
Armor: Robe              |     5 |       |       |       |       ||     5
       Leather armour    |     2 |    32 |    58 |     7 |       ||    99
       Skin              |       |     5 |    16 |       |       ||    21
       Ring mail         |       |       |       |   240 |     7 ||   247
Dodge: Dodged            |    32 |   128 |   177 |   725 |    18 ||  1080

Table legend: (Time is in decaauts)
 A = Elapsed time spent in this place.
 B = Non-inter-level travel time spent in this place.
 C = Inter-level travel time spent in this place.
 D = Time resting spent in this place.
 E = Time spent auto-exploring this place.
 F = Levels seen in this place.
 G = Mean time per level.
                   A        B        C        D        E       F      G
               +--------+--------+--------+--------+--------+-----+--------+
         Total |  19121 |  18163 |    958 |   2282 |  12250 |  12 | 1593.4 |
       Dungeon |  12575 |  11852 |    723 |   1107 |   8141 |   8 | 1571.9 |
        Temple |    258 |    231 |     27 |      0 |    226 |   1 |  258.0 |
          Lair |   6286 |   6078 |    208 |   1175 |   3883 |   3 | 2095.3 |
               +--------+--------+--------+--------+--------+-----+--------+

Top non-repeatable levels by time:
     D:5: 2966 daAuts
     D:7: 2274 daAuts
  Lair:1: 2223 daAuts
  Lair:3: 2130 daAuts
  Lair:2: 1932 daAuts
     D:6: 1726 daAuts
     D:8: 1456 daAuts
     D:3: 1302 daAuts
     D:1: 1009 daAuts
     D:2: 955 daAuts
     D:4: 884 daAuts
  Temple: 258 daAuts
